 Dungeon Crawl Stone Soup version 0.31-a0-640-g39d97e502b (webtiles) character file.

Game seed: 2461000196626690453

285 qw the Shooter (level 6, 0/39 HPs)
             Began as a Gargoyle Hunter on Aug 27, 2023.
             Slain by an iguana (1 damage)
             ... on level 4 of the Dungeon.
             The game lasted 00:00:55 (2379 turns).

qw the Shooter (Gargoyle Hunter)                    Turns: 2379, Time: 00:00:55

Health: 0/39       AC:  9    Str: 14    XL:     6   Next: 29%
Magic:  6/6        EV: 10    Int: 10    God:
Gold:   140        SH:  0    Dex: 15    Spells: 5/5 levels left

rFire   . . .        Y - +0 shortbow
rCold   . . .        (shield currently unavailable)
rNeg    + + .        g - +0 ring mail
rPois   inf          (no helmet)
rElec   +            (no cloak)
rCorr   .            (no gloves)
SInv    .            (no boots)
Will    .....        (no amulet)
Stlth   +            h - ring of positive energy
HPRegen 0.26/turn    (no ring)
MPRegen 0.10/turn

%: no passive effects
@: no status effects
A: sickness immunity, AC +4, negative energy resistance 1, electricity
resistance, torment resistance 1, petrification resistance
a: no special abilities


You were on level 4 of the Dungeon.
You visited 1 branch of the dungeon, and saw 4 of its levels.

You collected 140 gold pieces.


Innate Abilities, Weirdness & Mutations

You are immune to sickness and miasma.
Your stone body is resilient. (AC +4)
You are immune to poison.
You resist negative energy. (rN+)
You are resistant to electric shocks. (rElec)
You are resistant to unholy torment.
You are immune to petrification.


   Skills:
 - Level 4.6 Fighting
 + Level 6.2 Ranged Weapons
 - Level 1.0 Armour
 - Level 1.5 Dodging
 - Level 1.1 Stealth


You had 5 spell levels left.
You didn't know any spells.
Your spell library was empty.

Inventory:

Hand Weapons
 Y - a +0 shortbow (weapon)
Armour
 g - a +0 ring mail (worn)
Jewellery
 h - a ring of positive energy (left hand)
Potions
 a - a potion of degeneration {unknown}
 b - 3 potions of curing
 e - a potion of might {unknown}

Dungeon Overview and Level Annotations

Branches:
Dungeon (4/15)
 Temple: D:4-7

Altars:
Hepliaklqana

Shops:
D:1 ?

Annotations:
D:3 1 runed translucent door, Crazy Yiuf
D:4 Natasha


Message History

Natasha stares at you and mumbles some strange words.
The magic dart hits you.
You shoot an arrow. The arrow closely misses Natasha.
Enter note:
Enter note:
2370 ||| Stepping ~*~*~tactically~*~*~ (retreating).
The iguana attacks as it pursues you! The iguana bites you!
Enter note:
2371 ||| Stepping ~*~*~tactically~*~*~ (retreating).
Enter note:
2372 ||| Stepping ~*~*~tactically~*~*~ (retreating).
You shoot an arrow. The arrow hits the iguana!
The iguana is heavily wounded.
The cerulean imp hits you but does no damage.
The iguana bites you!
You shoot an arrow.
The arrow hits the iguana but does no damage.
The iguana is heavily wounded.
The cerulean imp hits you but does no damage.
The iguana barely misses you.
You shoot an arrow.
The arrow hits the iguana but does no damage.
The iguana is heavily wounded.
The cerulean imp disappears in a puff of smoke!
The iguana bites you.
You shoot an arrow. The arrow barely misses the iguana.
The iguana hisses menacingly.
The iguana bites you.
The iguana bites you but does no damage.
You shoot an arrow. The arrow closely misses the iguana.
The arrow barely misses Natasha.
The iguana barely misses you.
You shoot an arrow.
The arrow hits the iguana but does no damage.
The iguana is heavily wounded.
The iguana bites you.
You shoot an arrow. The arrow hits the iguana!
The iguana is almost dead.
The iguana bites you.
You die...

........ .#.
... ###...# ...
... ###.. #.#
#5# ..... #.#
#l# ..... #.#
#.## #####
##.####.###o.##
###
#......ho..h..#
#..
#..####l####..#
#.# #@# #..#
###.#### #.#
#..# .......#
#.# #..#
.##.##.#
#.####..#
.##.##.#
#..)##..#
[......#
###.##..#
.##.#..#
#.##..#
.##.##.#
.#######.##..#
....##.##
.............#


You could see an iguana, Natasha and an orc.

Vanquished Creatures
  An ogre (D:4)
  A phantom (D:4)
  An iguana (D:4)
  Natasha (D:4)
  A dart slug (D:1)
  An orc (D:4)
  6 bats
  4 endoplasms
  7 giant cockroaches
  9 goblins
  7 hobgoblins
  4 jackals (D:1)
  6 kobolds
  6 quokkas
  7 ball pythons
  7 frilled lizards
  2 rats
71 creatures vanquished.

Notes
Turn   | Place    | Note
-------+----------+-------------------------------------------
     0 | D:1      | qw the Gargoyle Hunter began the quest for the Orb.
     0 | D:1      | Reached XP level 1. HP: 12/12 MP: 1/1
     0 | D:1      | 0 ||| qw: Version: 0.3-a-74-g0d5e918
     0 | D:1      | 0 ||| qw: Game counter: 87
     0 | D:1      | 0 ||| qw: Melee chars always use a shield: true
     0 | D:1      | 0 ||| qw: God list: Okawaru
     0 | D:1      | 0 ||| qw: Allow faded altars: false
     0 | D:1      | 0 ||| qw: Do Orc after clearing Dungeon:15 true
     0 | D:1      | 0 ||| qw: Do second Lair branch before Depths: true
     0 | D:1      | 0 ||| qw: Lair rune preference: random
     0 | D:1      | 0 ||| qw: Goals: Normal
     0 | D:1      | 0 ||| PLANNING D:1-11
    34 | D:1      | Reached XP level 2. HP: 12/17 MP: 2/2
   137 | D:1      | Reached XP level 3. HP: 21/21 MP: 3/3
   170 | D:1      | Reached skill level 5 in Ranged Weapons
   280 | D:1      | Found Leuhica's Magic Scroll Boutique.
   288 | D:1      | 288 ||| SHOPLISTING scroll of enchant armour (90 gold, have
                  | 0).
   288 | D:1      | 288 ||| SHOPLISTING scroll of identify (24 gold, have 0).
   288 | D:1      | 288 ||| SHOPLISTING scroll of teleportation (36 gold, have
                  | 0).
   587 | D:1      | You fall into a shaft and drop 1 floor!
   618 | D:2      | 618 ||| UPGRADING to +0 ring mail.
   628 | D:2      | 628 ||| DROPPING +0 leather armour.
   629 | D:2      | 629 ||| READING scroll labelled PUKHLI DELI.
   630 | D:2      | 630 ||| READING scroll labelled BIEROU FUCANAMP.
   631 | D:2      | 631 ||| DROPPING scroll of butterflies.
  1082 | D:2      | Reached skill level 1 in Armour
  1091 | D:2      | Reached skill level 3 in Fighting
  1091 | D:2      | Reached XP level 4. HP: 28/28 MP: 4/4
  1370 | D:2      | 1370 ||| DROPPING amulet of magic regeneration.
  1371 | D:2      | 1371 ||| READING scroll labelled QOFOFI HETU.
  1372 | D:2      | 1372 ||| DRINKING 2 bubbling pink potions.
  1373 | D:2      | 1373 ||| DRINKING 2 inky potions.
  1374 | D:2      | 1374 ||| DROPPING potion of attraction.
  1381 | D:3      | 1381 ||| STAIRDANCE
  1593 | D:3      | Found a runed translucent door.
  1594 | D:3      | Noticed Crazy Yiuf
  2010 | D:3      | 2010 ||| UPGRADING to ring of positive energy.
  2011 | D:3      | 2011 ||| READING scroll labelled AHOAMUL PETUIH.
  2112 | D:3      | 2112 ||| READING scroll labelled CULIAS WOROAB.
  2113 | D:3      | 2113 ||| READING scroll labelled VAHOEP AM LARGH.
  2114 | D:3      | 2114 ||| DRINKING 3 fuming purple potions.
  2115 | D:3      | 2115 ||| DROPPING 2 potions of brilliance.
  2144 | D:4      | Noticed a phantom
  2158 | D:4      | Killed a phantom
  2159 | D:4      | Reached skill level 6 in Ranged Weapons
  2159 | D:4      | Reached XP level 5. HP: 32/32 MP: 5/5
  2163 | D:4      | Found a hazy altar of Hepliaklqana.
  2165 | D:4      | Noticed Natasha
  2172 | D:4      | Killed Natasha
  2225 | D:4      | Noticed an ogre
  2236 | D:4      | Killed an ogre
  2237 | D:4      | Reached XP level 6. HP: 16/39 MP: 6/6
  2361 | D:4      | Noticed Natasha
  2365 | D:4      | 2365 ||| Stepping ~*~*~tactically~*~*~ (retreating).
  2366 | D:4      | 2366 ||| Stepping ~*~*~tactically~*~*~ (retreating).
  2367 | D:4      | 2367 ||| RETREATING.
  2370 | D:4      | 2370 ||| Stepping ~*~*~tactically~*~*~ (retreating).
  2371 | D:4      | 2371 ||| Stepping ~*~*~tactically~*~*~ (retreating).
  2372 | D:4      | 2372 ||| Stepping ~*~*~tactically~*~*~ (retreating).
  2375 | D:4      | HP: 9/39 [iguana (3)]
  2378 | D:4      | HP: 1/39 [iguana (5)]
  2379 | D:4      | Slain by an iguana

Levels and vault maps discovered:
D:1:      nicolae_arrival_memento_mori, layout_basic, serial_shops,
          nicolae_shop_tiny_glass, grunt_decor_clamped, minmay_close_crescents
D:2:      layout_rooms, kennysheep_generic_room_5
D:3:      layout_loops_cross, hangedman_abyss_or_decor_lesser_grid,
          uniq_crazy_yiuf_cottage
D:4:      layout_loops_ring, mainiacjoe_overflow_chevrons, grunt_ministairs_15,
          uniq_natasha

Skill      XL: |  1  2  3  4  5 |
---------------+----------------+-----
Ranged Weapons | 5 6 |  6.2
Armour         | 1 |  1.0
Fighting       | 3 4 |  4.6
Dodging        | |  1.5
Stealth        | |  1.1

Action                     |  1- 3 |  4- 6 || total
---------------------------+-------+-------++-------
   Fire: Shortbow          |   109 |   101 ||   210
    Use: Scroll            |     2 |     4 ||     6
         Potion            |       |     3 ||     3
 Armour: Leather armour    |    14 |       ||    14
         Ring mail         |     1 |    17 ||    18
  Dodge: Dodged            |    26 |    27 ||    53

Table legend:
 A = Non-vault XP
 B = Vault XP
 C = Vault XP percentage of total XP
 D = Non-vault monster count
 E = Vault monster count
 F = Vault count percentage of total count
                 A         B        C        D         E       F
            +---------+---------+-------+---------+---------+-------
      Total |     239 |     169 |  41.4 |      62 |       9 |  12.7
            +---------+---------+-------+---------+---------+-------
        D:1 |      58 |       9 |  13.4 |      33 |       5 |  13.2
        D:2 |      30 |       1 |   3.2 |      18 |       1 |   5.3
        D:3 |       8 |       0 |   0.0 |       6 |       0 |   0.0
        D:4 |     143 |     159 |  52.6 |       5 |       3 |  37.5
            +---------+---------+-------+---------+---------+-------
